 Dungeon Crawl Stone Soup version 0.31-a0-1074-g0b22e4e0f1 (webtiles) character file.

Game seed: 59189382643544715

1677 Dittersdorf the Trooper (level 9, -4/56 HPs)
             Began as a Gargoyle Fighter on Nov 28, 2023.
             Was an Initiate of Gozag.
             Slain by a gnoll sergeant
             ... wielding a +2 trident of flaming
              (6 damage)
             ... on level 5 of the Dungeon.
             The game lasted 00:09:16 (5614 turns).

Dittersdorf the Trooper (Gargoyle Fighter)          Turns: 5614, Time: 00:09:16

Health: -4/56      AC: 22    Str: 20    XL:     9   Next: 1%
Magic:  9/9        EV:  8    Int: 13    God:    Gozag
Gold:   441        SH:  5    Dex: 12    Spells: 8/8 levels left

rFire   . . .        a - +0 flail
rCold   . . .        c - +0 buckler
rNeg    + + +        i - +0 chain mail
rPois   ∞            (no helmet)
rElec   +            s - +0 cloak "Gelaosh" {rN++ Str-3 Int+3 Dex+3}
rCorr   .            o - +0 pair of gloves
SInv    +            v - +2 pair of boots
Will    +....        (no amulet) Stlth
                     f - ring of willpower
HPRegen 0.29/turn    m - ring of see invisible
MPRegen 0.11/turn

%: no passive effects
@: no status effects
A: sickness immunity, AC +6, negative energy resistance 1, electricity
resistance, torment resistance 1, petrification resistance
a: Renounce Religion, Potion Petition, Call Merchant, Bribe Branch


You were on level 5 of the Dungeon.
You worshipped Gozag.
Gozag was aware of your devotion.
You visited 1 branch of the dungeon, and saw 6 of its levels.

You collected 535 gold pieces.
You paid 94 gold pieces to Gozag.

Inventory:

Hand Weapons
 a - a +0 flail (weapon)
Missiles
 w - a throwing net
Armour
 c - a +0 buckler (worn)
 i - a +0 chain mail (worn)
 o - a +0 pair of gloves (worn)
 s - the +0 cloak "Gelaosh" (worn) {rN++ Str-3 Int+3 Dex+3}
   (You found it on level 5 of the Dungeon)

   Str-3:     It affects your strength (-3).
   Int+3:     It affects your intelligence (+3).
   Dex+3:     It affects your dexterity (+3).
   rN++:      It greatly protects you from negative energy.
 v - a +2 pair of boots (worn)
Jewellery
 b - a ring of fire
 e - a ring of willpower
 f - a ring of willpower (left hand)
 m - a ring of see invisible (right hand)
 r - a ring of positive energy
Wands
 k - a wand of paralysis (14) (quivered)
 u - a wand of acid (5)
Scrolls
 h - a scroll of summoning {unknown}
 j - 3 scrolls of teleportation {unknown}
 l - 2 scrolls of fear {unknown}
 n - a scroll of blinking
 p - 2 scrolls of immolation {unknown}
 t - 3 scrolls of fog
 x - a scroll of revelation
Potions
 d - 2 potions of might
 g - 6 potions of curing
 q - a potion of invisibility


   Skills:
 + Level 6.9 Fighting
 + Level 5.8 Maces & Flails
 + Level 6.9 Armour
 + Level 6.9 Shields


You had 8 spell levels left.
You didn't know any spells.
Your spell library contained the following spells:

 Spells                   Type           Power      Damage    Failure   Level
 Poisonous Vapours        Pois/Air       0%         N/A       98%         2
 Mephitic Cloud           Conj/Pois/Air  0%         N/A       100%        3
 Tukima's Dance           Hex            0%         N/A       100%        3
 Passage of Golubria      Tloc           0%         N/A       100%        4
 Freezing Cloud           Conj/Ice/Air   0%         6-21      100%        5
 Yara's Violent Unravell  Hex/Tmut       0%         3d3       100%        5


Dungeon Overview and Level Annotations

Branches:
Dungeon (6/15)             Temple (0/1) D:6

Altars:
Gozag

Shops:
D:1 (   D:4 ?   D:5 *

Annotations:
D:5 3 runed translucent doors, pokeman's ghost, novice DEHW


Innate Abilities, Weirdness & Mutations

You are immune to sickness and miasma.
Your stone body is resilient. (AC +6)
You are immune to poison.
You resist negative energy. (rN+)
You are resistant to electric shocks. (rElec)
You are resistant to unholy torment.
You are immune to petrification.


Message History

You block the gnoll sergeant's attack.
You hit the gnoll sergeant.
The gnoll sergeant is severely wounded.
The gnoll sergeant hits you with a +2 trident of flaming!
The gnoll sergeant burns you.
You are too injured to fight recklessly!
You are too injured to fight recklessly!
You are too injured to fight recklessly!
You are too injured to fight recklessly!
You are too injured to fight recklessly!
You are too injured to fight recklessly!
You are too injured to fight recklessly!
You are too injured to fight recklessly!
You are too injured to fight recklessly!
You are too injured to fight recklessly!
You are too injured to fight recklessly!
You are too injured to fight recklessly!
You are too injured to fight recklessly!
You are too injured to fight recklessly!
You barely miss the gnoll sergeant.
The gnoll sergeant is severely wounded.
The gnoll sergeant hits you with a +2 trident of flaming!
* * * LOW HITPOINT WARNING * * *
The gnoll sergeant burns you.
* * * LOW HITPOINT WARNING * * *
The gnoll sergeant hits you with a +2 trident of flaming!
* * * LOW HITPOINT WARNING * * *
The gnoll sergeant burns you.
* * * LOW HITPOINT WARNING * * *
You hit the gnoll sergeant.
The gnoll sergeant is almost dead.
The gnoll sergeant hits you but does no damage.
You closely miss the gnoll sergeant.
The gnoll sergeant is almost dead.
The gnoll sergeant hits you but does no damage.
You closely miss the gnoll sergeant.
The gnoll sergeant is almost dead.
The gnoll sergeant hits you with a +2 trident of flaming.
You die...
Your body crumbles into a pile of gold.

#............##............).
##...........##.............#
#...........##..............
#...........##.....#......≈≈
#...........########...≈≈≈≈.
###...........###........≈)...
#.......#....)#.....#....))_..
#.......#####.g.....#....≈....
#.......# #@..........)≈≈≈≈.
#.......#####...............≈≈
#.............#.....#.........
#.............#####...........
#.............................
#.................#...........
###.............#.#...........
#########.#.....#.#...........
#.....###.#.....#.#...........


You could see a gnoll sergeant.

Vanquished Creatures
  Pikel (D:4)
  Grinder (D:3)
  Eustachio (D:4)
  A phantom (D:5)
  A gnoll sergeant (D:4)
  4 scorpions
  4 hounds
  2 jellies
  2 iguanas
  3 orc wizards
  5 adders
  8 gnolls
  2 shadow imps (D:6)
  2 ufetubi (D:6)
  2 worms
  3 dart slugs
  11 orcs
  3 ball pythons (D:1)
  11 endoplasms
  2 giant cockroaches
  8 goblins
  8 hobgoblins
  2 jackals (D:3)
  5 quokkas
  8 bats
  5 frilled lizards
  4 kobolds
  7 rats
116 creatures vanquished.

Notes
Turn   | Place    | Note
-------+----------+-------------------------------------------
     0 | D:1      | Dittersdorf the Gargoyle Fighter began the quest for the
                  | Orb.
     0 | D:1      | Reached XP level 1. HP: 14/14 MP: 1/1
   114 | D:1      | Found Qioniach's Antique Weapon Emporium.
   138 | D:1      | Reached XP level 2. HP: 10/19 MP: 2/2
   490 | D:1      | Found a faded altar of an unknown god.
   722 | D:2      | Reached XP level 3. HP: 23/24 MP: 3/3
  1480 | D:3      | Reached XP level 4. HP: 29/29 MP: 4/4
  1608 | D:3      | Identified the +1 robe of the Raven {Int+3}
  1629 | D:3      | Noticed Grinder
  1740 | D:3      | Killed Grinder
  1741 | D:3      | Reached XP level 5. HP: 27/34 MP: 5/5
  1741 | D:3      | Reached XP level 6. HP: 31/39 MP: 6/6
  2553 | D:4      | Noticed Eustachio
  2600 | D:4      | Killed Eustachio
  2601 | D:4      | Reached skill level 5 in Fighting
  2601 | D:4      | Reached skill level 5 in Armour
  2601 | D:4      | Reached skill level 5 in Shields
  2601 | D:4      | Reached XP level 7. HP: 11/44 MP: 7/7
  2852 | D:4      | Found Woguhith's Magic Scroll Emporium.
  3483 | D:4      | Noticed Pikel
  3512 | D:4      | Killed Pikel
  3513 | D:4      | Reached skill level 5 in Maces & Flails
  3513 | D:4      | Reached XP level 8. HP: 5/51 MP: 8/8
  3701 | D:5      | Entered Level 5 of the Dungeon
  3701 | D:5      | Found Gozag's Platinum Reserve.
  3720 | D:5      | Identified the +0 ring mail of Winter {Fly Str-4 Dex+5
                  | Slay+3}
  3727 | D:5      | Found an opulent altar of Gozag.
  3761 | D:5      | Became a worshipper of Gozag Ym Sagoz the Greedy
  4427 | D:5      | Found a runed translucent gate.
  4427 | D:5      | Found a runed translucent gate.
  4427 | D:5      | Found a runed translucent gate.
  4428 | D:5      | Noticed pokeman's ghost (novice DEHW)
  4604 | D:5      | Identified the +0 cloak "Gelaosh" {rN++ Str-3 Int+3 Dex+3}
  5281 | D:6      | Found a staircase to the Ecumenical Temple.
  5409 | D:6      | Reached XP level 9. HP: 54/56 MP: 9/9
  5611 | D:5      | HP: 1/56 [gnoll sergeant/+2 trident of flaming (4)]
  5614 | D:5      | Slain by a gnoll sergeant

Illustrated notes

Levels and vault maps discovered:
D:1:      grunt_arrival_lava_bath, layout_loops_ring,
          hellmonk_ecumenical_altar_inner_sanctum, serial_shops,
          nicolae_shop_advertising_works [nicolae_subvault_shop_adworks]
D:2:      layout_loops_ring, nrook_mini_backslash
D:3:      layout_basic, minmay_misc_feat_four_crosses, nicolae_eternal_life,
          chequers_serial_rivers_micro_c, uniq_grinder
D:4:      layout_loops_ring, serial_shops, shop, glass_columns_b,
          hangedman_glass_teeth, roderic_serpentine_path,
          kennysheep_generic_room_7, uniq_eustachio, uniq_pikel
D:5:      layout_basic, nicolae_gozag_zags_fifth_avenue,
          ebering_ghost_rock_garden
D:6:      layout_loops_ring, mainiacjoe_overflow_alcove_4,
          minmay_temple_entry_wispy

Skill      XL: |  1  2  3  4  5  6  7 |
---------------+----------------------+-----
Armour         | 4 5 6 |  6.9
Fighting       | 4 5 6 |  6.9
Maces & Flails | 3 4 5 |  5.8
Shields        | 4 5 6 |  6.9

Action                     |  1- 3 |  4- 6 |  7- 9 || total
---------------------------+-------+-------+-------++-------
  Melee: Flail             |   119 |   153 |   355 ||   627
    Use: Scroll            |       |     3 |     4 ||     7
 Armour: Scale mail        |    28 |       |       ||    28
         Chain mail        |    54 |   134 |   340 ||   528
  Dodge: Dodged            |    51 |    58 |   156 ||   265
  Block: Buckler           |    26 |    30 |    93 ||   149

Table legend: (Time is in decaauts)
 A = Elapsed time spent in this place.
 B = Non-inter-level travel time spent in this place.
 C = Inter-level travel time spent in this place.
 D = Time resting spent in this place.
 E = Time spent auto-exploring this place.
 F = Levels seen in this place.
 G = Mean time per level.
                   A        B        C        D        E       F      G
               +--------+--------+--------+--------+--------+-----+--------+
         Total |   5754 |   5592 |    162 |    739 |   3459 |   6 |  959.0 |
       Dungeon |   5754 |   5592 |    162 |    739 |   3459 |   6 |  959.0 |
               +--------+--------+--------+--------+--------+-----+--------+

Top non-repeatable levels by time:
     D:4: 1787 daAuts
     D:5: 1239 daAuts
     D:3: 867 daAuts
     D:2: 839 daAuts
     D:1: 676 daAuts
     D:6: 344 daAuts
